[Event "Titled Tuesday Blitz March 08 Early 2022"]
[White "Moroni, Luca Jr"]
[Black "Shkapenko, Pavel"]
[WhiteFideId "865834"]
[BlackFideId "4151933"]
[WhiteElo "2573"]
[BlackElo "2386"]
[Result "1-0"]
[Round "11"]
[TimeControl "180+1"]
[Date "2022.03.08"]
[WhiteClock "0:00:03"]
[BlackClock "0:00:01"]

1. d4 Nf6 2. Bf4 e6 3. e3 c5 4. Nf3 cxd4 5. exd4 b6 6. c3 Bb7 7. Bd3 Be7 8. O-O d6 9. h3 Nbd7 10. Nbd2 O-O 11. Qe2 a6 12. Rfe1 Re8 13. Bh2 Bf8 14. a4 e5 15. dxe5 dxe5 16. Ne4 Nxe4 17. Bxe4 Bxe4 18. Qxe4 Nc5 19. Qc2 Qd3 20. Qxd3 Nxd3 21. Re2 f6 22. Rd1 Nc5 23. a5 bxa5 24. Ra1 a4 25. Nd2 Rab8 26. Nc4 Rec8 27. f4 e4 28. f5 Rb7 29. Bd6 Nb3 30. Rxa4 Rxc4 31. Rxc4 Bxd6 32. Rc8+ Kf7 33. Rxe4 Be5 34. Ra8 Nd2 35. Rb4 Rxb4 36. cxb4 Bxb2 37. Ra7+ Kf8 38. Rxa6 Nc4 39. Kf2 Bd4+ 40. Ke2 Bg1 41. Kd3 Nb6 42. Ra7 Nd5 43. Rb7 g6 44. g4 gxf5 45. gxf5 h5 46. Ke4 Nc3+ 47. Kf3 Nd5 48. b5 Ne7 49. Ke4 Ke8 50. Rb8+ Kd7 51. Rh8 Nc8 52. Rxh5 Nd6+ 53. Kd5 Nxb5 54. Rh7+ Kc8 55. Ke6 Bd4 56. h4 Nc7+ 57. Kf7 Kd7 58. h5 Nd5 59. h6 Be3 60. Rh8 Bxh6 61. Rxh6 Kd6 62. Rxf6+ Ke5 63. Ra6 Kxf5 64. Ra5 Ke4 65. Ke6 Nf4+ 66. Kd6 Nd3 67. Ra4+ Ke3 68. Kd5 Nf4+ 69. Ke5 Nd3+ 70. Kf5 Nc5 71. Rh4 Nd3 72. Re4+ Kf3 73. Re8 Nf2 74. Ra8 Nd3 75. Ra4 Ke3 76. Ke6 Nf4+ 77. Ke5 1-0


[Site "https://www.chess.com"]

[Event "Titled Tuesday Blitz March 08 Early 2022"]
[White "Nakamura, Hikaru"]
[Black "Dubov, Daniil"]
[WhiteFideId "2016192"]
[BlackFideId "24126055"]
[WhiteElo "2850"]
[BlackElo "2791"]
[Result "1-0"]
[Round "11"]
[TimeControl "180+1"]
[Date "2022.03.08"]
[WhiteClock "0:00:28"]
[BlackClock "0:00:02"]

1. Nf3 Nf6 2. b3 g6 3. Bb2 Bg7 4. d4 O-O 5. e3 d5 6. Nbd2 b6 7. c4 Bb7 8. Rc1 dxc4 9. Bxc4 Nbd7 10. b4 c5 11. bxc5 bxc5 12. O-O Rc8 13. Ba3 cxd4 14. Nxd4 Ne5 15. Bb3 Rxc1 16. Qxc1 Qa8 17. f3 Rc8 18. Qb1 Nd5 19. Bxd5 Bxd5 20. Bxe7 Re8 21. Bc5 Nd7 22. Qb5 Nxc5 23. Qxc5 Bxa2 24. Ra1 Qd5 25. Qxd5 Bxd5 26. Ra5 Bxd4 27. exd4 Re2 28. Nf1 Bc4 29. Ng3 Rd2 30. Rxa7 Rxd4 31. Ne4 Kg7 32. Kf2 Be6 33. Ng5 Rd6 34. g4 h6 35. Ne4 Rc6 36. Ra5 f5 37. Ra7+ Kf8 38. Nf6 fxg4 39. fxg4 Bc8 40. g5 hxg5 41. Nh7+ Kg8 42. Nxg5 Bf5 43. Kg3 Rc4 44. h3 Rc3+ 45. Kf4 Bxh3 46. Ne4 Rc1 47. Kg5 Bf5 48. Nd6 Kf8 49. Kf6 Rc6 50. Ra8+ Bc8 51. Ke5 Ke7 52. Nxc8+ Kd7 53. Na7 Rc7 54. Rg8 Rc5+ 55. Kd4 Rc1 56. Rg7+ Ke6 57. Nb5 Kf6 58. Ra7 Rd1+ 59. Ke4 Re1+ 60. Kd5 Rd1+ 61. Nd4 g5 62. Ra6+ Kf7 63. Ke5 g4 64. Ra7+ Kg6 65. Ra6+ Kf7 66. Rf6+ Ke7 67. Re6+ Kf7 68. Rf6+ Ke7 69. Rg6 Re1+ 70. Kd5 g3 71. Nf5+ Kf7 72. Rg4 Kf6 73. Nxg3 Rd1+ 74. Ke4 Ra1 75. Rf4+ Ke6 76. Ne2 Ra4+ 77. Nd4+ Ke7 78. Rh4 Ra1 79. Rh6 Kd7 80. Kd5 Rb1 81. Rh7+ Ke8 82. Nf5 Rd1+ 83. Ke6 Re1+ 84. Kf6 Kd8 85. Ra7 Re2 86. Nd4 Re1 87. Ne6+ Kc8 88. Ke7 Rd1 89. Nc5 Kb8 90. Rb7+ Kc8 91. Ra7 Kb8 92. Ra6 Kc7 93. Re6 Rd5 94. Na6+ Kb7 95. Nb4 Rd4 96. Nc6 Rd1 97. Nd8+ Ka7 98. Rc6 Rd2 99. Nf7 Kb7 100. Rc1 Kb6 101. Nd6 Rh2 102. Ke6 Rh6+ 103. Ke5 Rh5+ 104. Nf5 Kb5 105. Rf1 Kb4 106. Kd4 Rh2 107. Rb1+ Ka4 108. Ne3 Rh4+ 109. Kc5 Rh5+ 110. Nd5 Ka3 111. Rb5 1-0


[Site "https://www.chess.com"]

[Event "Titled Tuesday Blitz March 08 Early 2022"]
[White "Necula, Iulian"]
[Black "Stefanov, Plamen"]
[WhiteFideId "1232380"]
[BlackFideId "2900980"]
[WhiteElo "1776"]
[BlackElo "2137"]
[Result "1-0"]
[Round "11"]
[TimeControl "180+1"]
[Date "2022.03.09"]
[WhiteClock "0:00:32"]
[BlackClock "0:00:19"]

1. b4 Nf6 2. Bb2 g6 3. Nf3 Bg7 4. c4 O-O 5. g3 c6 6. Bg2 d5 7. cxd5 cxd5 8. O-O Nc6 9. b5 Qb6 10. Na3 Na5 11. Bd4 Qd8 12. Rb1 b6 13. Bc3 Nb7 14. Nd4 Nd6 15. Nc6 Qd7 16. Nb4 e6 17. d3 Bb7 18. e4 Nxb5 19. Nxb5 Qxb5 20. Nxd5 Nxd5 21. Rxb5 Nxc3 22. Qb3 Ne2+ 23. Kh1 Nd4 24. Qb1 Nxb5 25. Qxb5 Rfd8 26. Rd1 Bd4 27. f4 a5 28. e5 Bxg2+ 29. Kxg2 Rac8 30. Rd2 Rd5 31. Qa6 Rc1 32. Kh3 h6 33. Qc8+ Kg7 34. Qxc1 1-0


[Site "https://www.chess.com"]

[Event "Titled Tuesday Blitz March 08 Early 2022"]
[White "Neiksans, Arturs"]
[Black "Beerdsen, Thomas"]
[WhiteFideId "11601388"]
[BlackFideId "1030108"]
[WhiteElo "2447"]
[BlackElo "2585"]
[Result "1-0"]
[Round "11"]
[TimeControl "180+1"]
[Date "2022.03.08"]
[WhiteClock "0:00:27"]
[BlackClock "0:00:02"]

1. e4 e5 2. Nf3 Nc6 3. Bc4 Nf6 4. d3 h6 5. O-O d6 6. a4 g5 7. Nc3 g4 8. Nd2 h5 9. Bb5 a6 10. Bxc6+ bxc6 11. Nc4 Be6 12. Bg5 h4 13. f4 Rh5 14. Qd2 Bxc4 15. dxc4 Be7 16. fxe5 Nd7 17. Bxe7 Qxe7 18. exd6 cxd6 19. Rad1 h3 20. Qxd6 hxg2 21. Kxg2 Ne5 22. Rf5 Rxf5 23. exf5 Qxd6 24. Rxd6 Ke7 25. Ne4 Rh8 26. f6+ Ke8 27. b3 Rh3 28. Ng3 Nd7 29. Nf5 Rh7 30. Ng7+ Kd8 31. Rxc6 1-0


[Site "https://www.chess.com"]

[Event "Titled Tuesday Blitz March 08 Early 2022"]
[White "Nguyen, Thien Ngan"]
[Black "Domingo Nunez, Alejandro"]
[WhiteFideId "12414816"]
[BlackFideId "22245561"]
[WhiteElo "1917"]
[BlackElo "2215"]
[Result "0-1"]
[Round "11"]
[TimeControl "180+1"]
[Date "2022.03.09"]
[WhiteClock "0:00:10"]
[BlackClock "0:00:07"]

1. e4 g6 2. d4 Bg7 3. c4 c6 4. Nc3 d5 5. cxd5 cxd5 6. Bb5+ Nc6 7. exd5 a6 8. Ba4 b5 9. dxc6 bxa4 10. Nf3 Bg4 11. Be3 Rc8 12. d5 a3 13. Bd4 axb2 14. Rb1 Bxf3 15. gxf3 Nf6 16. Be5 O-O 17. O-O Qa5 18. Rxb2 Rfd8 19. Qa4 Rxd5 20. Qxa5 Rxa5 21. c7 Nd7 22. Bxg7 Kxg7 23. Re1 e6 24. Rb7 Rc5 25. Ne4 R5xc7 26. Rbb1 Ne5 27. Kg2 Rd8 28. Rb6 Nd3 29. Reb1 a5 30. Ra6 Rd5 31. Ra8 Nf4+ 32. Kg3 Ne2+ 33. Kg2 Nf4+ 34. Kg3 Nh5+ 35. Kg2 Nf6 36. Ng3 h5 37. h4 Rc2 38. a4 Rdd2 39. Nh1 Rd5 40. Rbb8 Rc4 41. Rb5 Rxh4 42. Raxa5 Rxb5 43. axb5 Nd5 44. Ng3 Rb4 45. Ne4 Nf4+ 46. Kg3 Ne2+ 47. Kg2 Nd4 48. Nd6 h4 49. Ra7 Rb2 50. Rb7 Kf6 51. Rxf7+ Kg5 52. f4+ Kg4 53. Rf6 h3+ 54. Kh1 Rb1+ 55. Kh2 Nf3# 0-1


[Site "https://www.chess.com"]

[Event "Titled Tuesday Blitz March 08 Early 2022"]
[White "Omariev, Maksim"]
[Black "Voit, Daria"]
[WhiteFideId "4193423"]
[BlackFideId "4182146"]
[WhiteElo "2436"]
[BlackElo "2323"]
[Result "0-1"]
[Round "11"]
[TimeControl "180+1"]
[Date "2022.03.09"]
[WhiteClock "0:00:07"]
[BlackClock "0:00:12"]

1. g4 d5 2. Bg2 c6 3. h3 h5 4. g5 e5 5. d4 e4 6. c4 h4 7. Nc3 Be7 8. f4 f6 9. gxf6 Nxf6 10. e3 Rh6 11. Nge2 Rg6 12. Rg1 Bf5 13. Qb3 Qd7 14. Bd2 Na6 15. O-O-O Nb4 16. cxd5 Nd3+ 17. Kb1 cxd5 18. Na4 b6 19. Nc1 Nxc1 20. Rxc1 Rc8 21. Nc3 Kf8 22. Ne2 Rxc1+ 23. Bxc1 Kf7 24. Bd2 Bxh3 25. Bxh3 Qxh3 26. Rxg6 Kxg6 27. Nc3 Qf1+ 28. Bc1 Qc4 29. Qxc4 dxc4 30. Ne2 h3 31. Bd2 h2 32. Ng3 Nh5 33. Nh1 Bh4 34. Kc2 Ng3 35. Nf2 Nf1 36. Nh1 Kf5 37. Kd1 b5 38. Ke2 Ng3+ 39. Kf2 Nxh1+ 40. Kg2 Nf2 41. Kxh2 Nd3 42. b3 cxb3 43. axb3 Be1 44. Bxe1 Nxe1 45. Kg1 a5 46. Kf2 Nd3+ 47. Ke2 a4 48. bxa4 bxa4 49. Kd2 g5 50. Kc2 g4 0-1


[Site "https://www.chess.com"]

[Event "Titled Tuesday Blitz March 08 Early 2022"]
[White "P., Komal Kishore"]
[Black "Dilmukhametov, Artur"]
[WhiteFideId "5016703"]
[BlackFideId "24179922"]
[WhiteElo "2134"]
[BlackElo "2237"]
[Result "1-0"]
[Round "11"]
[TimeControl "180+1"]
[Date "2022.03.09"]
[WhiteClock "0:00:33"]
[BlackClock "0:01:16"]

1. e4 e6 2. d4 d5 3. Nd2 c5 4. exd5 exd5 5. Ngf3 Nc6 6. c3 c4 7. g3 Nf6 8. Bg2 Be7 9. O-O O-O 10. Re1 Bg4 11. Nf1 Re8 12. Bg5 h6 13. Bxf6 Bxf6 14. Rxe8+ Qxe8 15. Ne3 Be6 16. Qc2 Rd8 17. Re1 Qd7 18. Nd2 Ne7 19. f4 g5 20. Nf3 gxf4 21. gxf4 Nf5 22. Ne5 Bxe5 23. fxe5 Nxe3 24. Rxe3 Bf5 25. Rg3+ Kh7 26. Qf2 Rg8 27. Bxd5 Rxg3+ 28. hxg3 Be6 29. Be4+ Kh8 30. Qf6+ Kg8 31. Qxh6 Bf5 32. Qg5+ Bg6 33. Bxg6 fxg6 34. Qxg6+ Qg7 35. Qxg7+ Kxg7 36. d5 Kf7 37. g4 Kg6 38. d6 Kf7 39. g5 Ke8 40. g6 Kf8 41. e6 Ke8 42. g7 b6 43. g8=Q# 1-0


[Site "https://www.chess.com"]

[Event "Titled Tuesday Blitz March 08 Early 2022"]
[White "Perez Gormaz, Matias"]
[Black "Manelyuk, Daniil"]
[WhiteFideId "3406342"]
[BlackFideId "44173920"]
[WhiteElo "2327"]
[BlackElo "2222"]
[Result "1-0"]
[Round "11"]
[TimeControl "180+1"]
[Date "2022.03.09"]
[WhiteClock "0:00:09"]
[BlackClock "0:00:11"]

1. e4 e6 2. d4 d5 3. Nc3 Bb4 4. e5 c5 5. a3 Bxc3+ 6. bxc3 Ne7 7. Qg4 Qc7 8. Bd3 cxd4 9. Ne2 Kf8 10. cxd4 b6 11. O-O Ba6 12. a4 Bxd3 13. cxd3 Qc2 14. Nf4 Nbc6 15. Ba3 Nxd4 16. Rfc1 Qd2 17. Bxe7+ Kxe7 18. Rc7+ Kf8 19. Kh1 h5 20. Nxh5 g6 21. Nf4 Qxf2 22. Rac1 Nf5 23. Rxf7+ Kxf7 24. Qxg6+ Ke7 25. Qxe6+ Kd8 26. Qxd5+ Ke7 27. Rc7+ Kf8 28. Qf7# 1-0


[Site "https://www.chess.com"]

[Event "Titled Tuesday Blitz March 08 Early 2022"]
[White "Petrovic, Aleksa"]
[Black "Jaferian, Koosha"]
[WhiteFideId "967629"]
[BlackFideId "12507440"]
[WhiteElo "2245"]
[BlackElo "2030"]
[Result "0-1"]
[Round "11"]
[TimeControl "180+1"]
[Date "2022.03.09"]
[WhiteClock "0:00:13"]
[BlackClock "0:00:42"]

1. e4 c6 2. d4 d5 3. e5 Bf5 4. Nf3 e6 5. Be2 c5 6. Be3 cxd4 7. Nxd4 Ne7 8. c4 Nbc6 9. cxd5 Qxd5 10. Nc3 Qxe5 11. O-O Rd8 12. Qa4 a6 13. Nxc6 Nxc6 14. Bxa6 Qc7 15. Nb5 Qb8 16. Na7 Bd6 17. Nxc6 bxc6 18. Qxc6+ Ke7 19. Bc5 Bxc5 20. Qxc5+ Rd6 21. Rfd1 Rd8 22. h3 Kf6 23. Be2 Rxd1+ 24. Rxd1 Rxd1+ 25. Bxd1 Qxb2 26. Bb3 h6 27. Qc7 Kg6 28. Qg3+ Kh7 29. Qf3 Bg6 30. g3 Qb1+ 31. Kh2 Be4 0-1


[Site "https://www.chess.com"]

[Event "Titled Tuesday Blitz March 08 Early 2022"]
[White "Piliczewski, Bogusz"]
[Black "Sarkar, Justin"]
[WhiteFideId "1104144"]
[BlackFideId "2010011"]
[WhiteElo "1896"]
[BlackElo "2038"]
[Result "0-1"]
[Round "11"]
[TimeControl "180+1"]
[Date "2022.03.09"]
[WhiteClock "0:00:57"]
[BlackClock "0:00:06"]

1. d4 Nf6 2. Nf3 d5 3. Bf4 Bf5 4. e3 e6 5. Ne5 Nbd7 6. Bd3 Bxd3 7. Qxd3 Nxe5 8. dxe5 Nd7 9. Bg3 Be7 10. O-O O-O 11. f4 Nc5 12. Qe2 Ne4 13. Be1 c5 14. Nd2 f5 15. Rd1 Qc7 16. Nxe4 dxe4 17. c4 Rad8 18. Bc3 Qc6 19. Rxd8 Rxd8 20. Rd1 Qe8 21. Rxd8 Qxd8 22. Qd2 Qxd2 23. Bxd2 g5 24. g3 Kf7 25. Kf2 Kg6 26. h3 h5 27. Kg2 h4 28. gxh4 gxf4 29. exf4 Bxh4 30. Be3 b6 31. a3 a5 32. Kf1 a4 33. Ke2 Kh5 34. Kd2 Bg3 35. Kc3 Kh4 36. b4 axb3 37. Kxb3 Kxh3 38. Ka4 Kg4 39. Kb5 Bxf4 40. Bf2 e3 41. Be1 Bg3 42. Bc3 f4 43. Kxb6 f3 44. a4 f2 45. a5 f1=Q 46. a6 Qxc4 47. a7 Qb3+ 48. Kc7 Qxc3 49. a8=Q Qxe5+ 50. Kb6 Qd6+ 51. Kb5 Qd5 52. Qg8+ Kf3 53. Qf7+ Bf4 54. Qg6 e2 55. Qg1 Qb3+ 56. Kc6 Qd1 57. Qg6 Qd5+ 58. Kb6 e1=Q 59. Ka7 Qa5# 0-1


[Site "https://www.chess.com"]

[Event "Titled Tuesday Blitz March 08 Early 2022"]
[White "Politov, Pavel Y."]
[Black "Sahil, Tickoo"]
[WhiteFideId "24110515"]
[BlackFideId "5019710"]
[WhiteElo "2090"]
[BlackElo "2099"]
[Result "0-1"]
[Round "11"]
[TimeControl "180+1"]
[Date "2022.03.09"]
[WhiteClock "0:00:01"]
[BlackClock "0:01:02"]

1. e4 c5 2. Nf3 d6 3. d4 cxd4 4. Nxd4 Nf6 5. Nc3 a6 6. Bg5 e6 7. f4 Be7 8. Qf3 Qc7 9. O-O-O Nbd7 10. g4 h6 11. Bxf6 Bxf6 12. h4 Nb6 13. g5 Bxd4 14. Rxd4 Bd7 15. g6 O-O 16. Bh3 fxg6 17. Qg3 Rxf4 18. Qxf4 e5 19. Qd2 exd4 20. Qxd4 Bxh3 21. Rxh3 Qc5 22. Qxc5 dxc5 23. Nd5 Nxd5 24. exd5 b5 25. b3 c4 26. bxc4 bxc4 27. Kd2 Rd8 28. Kc3 Rxd5 29. Kxc4 Ra5 30. a3 Kf7 31. Kb4 Rf5 32. c4 Ke6 33. c5 Kd7 34. Rg3 g5 35. hxg5 Rxg5 36. Rc3 Kc6 37. Rc2 h5 38. Rf2 Rg4+ 0-1


[Site "https://www.chess.com"]

[Event "Titled Tuesday Blitz March 08 Early 2022"]
[White "Qashashvili, Alexandre"]
[Black "Gulecyuz, Deniz"]
[WhiteFideId "13600842"]
[BlackFideId "30921341"]
[WhiteElo "2316"]
[BlackElo "1923"]
[Result "1-0"]
[Round "11"]
[TimeControl "180+1"]
[Date "2022.03.09"]
[WhiteClock "0:01:40"]
[BlackClock "0:00:22"]

1. e4 c5 2. Nc3 Nc6 3. Nf3 Nf6 4. d3 e6 5. Be2 d5 6. exd5 exd5 7. d4 Be7 8. O-O O-O 9. h3 h6 10. Re1 Bf5 11. dxc5 Bxc5 12. Bf4 Rc8 13. Ne5 Ne4 14. Nxc6 bxc6 15. Nxe4 Bxe4 16. Bg3 Qb6 17. b3 Bd4 18. Rb1 Bc3 19. Rf1 Rfe8 20. Bd3 a5 21. Bxe4 Rxe4 22. Qd3 Qd4 23. Qxd4 Bxd4 24. Rfe1 Rce8 25. Kf1 Bc3 26. Rxe4 Rxe4 27. Rd1 f6 28. f3 Re8 29. Be1 Bxe1 30. Rxe1 Re5 31. Rd1 Kf7 32. Rd4 Re3 33. c4 Ke6 34. cxd5+ cxd5 35. Ra4 Rxb3 36. axb3 1-0


[Site "https://www.chess.com"]

[Event "Titled Tuesday Blitz March 08 Early 2022"]
[White "Rustemov, Alexander"]
[Black "Dronavalli, Harika"]
[WhiteFideId "4119002"]
[BlackFideId "5015197"]
[WhiteElo "2771"]
[BlackElo "2382"]
[Result "1-0"]
[Round "11"]
[TimeControl "180+1"]
[Date "2022.03.08"]
[WhiteClock "0:00:27"]
[BlackClock "0:00:02"]

1. d4 Nf6 2. c4 e6 3. Nf3 d5 4. Nc3 dxc4 5. e4 Bb4 6. Bg5 c5 7. Bxc4 cxd4 8. Nxd4 Bxc3+ 9. bxc3 Qa5 10. Bb5+ Bd7 11. Bxf6 gxf6 12. Qb3 Bxb5 13. Nxb5 O-O 14. O-O Nc6 15. c4 Rad8 16. Qg3+ Kh8 17. Qh4 Kg7 18. Rae1 Ne5 19. Re3 Ng6 20. Qg3 a6 21. Nd6 Rd7 22. Rb3 Qe5 23. Qxe5 Nxe5 24. Nxb7 Rc8 25. c5 Nd3 26. Nd6 Rxc5 27. Rxd3 Kf8 28. Rfd1 Rc2 29. a3 a5 30. g3 a4 31. Kg2 Ra2 32. Nb5 Rb7 33. Rb1 Kg7 34. Rb4 h5 35. h4 Ra1 36. Kf3 Ra2 37. Ke3 Rb6 38. Rc3 Rb7 39. Rcc4 Rd7 40. Rd4 Rb7 41. f3 Rb8 42. Rd3 e5 43. Nc3 Rxb4 44. Nxa2 Rb2 45. Nc3 1-0


[Site "https://www.chess.com"]

[Event "Titled Tuesday Blitz March 08 Early 2022"]
[White "Rychagov, Andrey"]
[Black "Tologon tegin, Semetei"]
[WhiteFideId "4119932"]
[BlackFideId "13800574"]
[WhiteElo "2500"]
[BlackElo "2258"]
[Result "1-0"]
[Round "11"]
[TimeControl "180+1"]
[Date "2022.03.08"]
[WhiteClock "0:00:26"]
[BlackClock "0:00:04"]

1. d4 d5 2. c4 e6 3. Nf3 Nf6 4. Nc3 Be7 5. Bf4 O-O 6. a3 dxc4 7. e4 c5 8. Bxc4 cxd4 9. Qxd4 Qa5 10. O-O Nc6 11. Qe3 e5 12. Bg5 Be6 13. Bxe6 fxe6 14. Rfd1 Ng4 15. Qc1 Bc5 16. Bh4 Nd4 17. b4 Qa6 18. bxc5 Rxf3 19. Rxd4 Rxc3 20. Qxc3 exd4 21. Qxd4 Rc8 22. h3 Nh6 23. Rb1 Qc6 24. Be7 Nf7 25. e5 h6 26. Rd1 b6 27. cxb6 axb6 28. Rd3 b5 29. Rg3 Qc4 30. Qa7 Qc1+ 31. Kh2 Qf4 32. Bf6 h5 33. Qd7 Rc2 34. Qe8+ Kh7 35. Qxf7 1-0


[Site "https://www.chess.com"]

[Event "Titled Tuesday Blitz March 08 Early 2022"]
[White "Samadov, Read"]
[Black "Mikhailov, Viacheslav"]
[WhiteFideId "13417444"]
[BlackFideId "4187369"]
[WhiteElo "2084"]
[BlackElo "2381"]
[Result "1-0"]
[Round "11"]
[TimeControl "180+1"]
[Date "2022.03.08"]
[WhiteClock "0:00:25"]
[BlackClock "0:00:04"]

1. d4 Nf6 2. c4 g6 3. Nc3 Bg7 4. e4 O-O 5. f4 d6 6. Nf3 Bg4 7. Be2 Nc6 8. d5 Nb8 9. O-O c6 10. Be3 Nbd7 11. Rc1 Rc8 12. Nd2 Bxe2 13. Qxe2 a6 14. a4 cxd5 15. exd5 Qa5 16. b3 Rfe8 17. Nde4 Nxe4 18. Nxe4 Nf6 19. Nxf6+ Bxf6 20. f5 Qb4 21. Qd3 Rb8 22. Bd2 Qc5+ 23. Be3 Qb4 24. Rf4 Be5 25. Rf3 b5 26. axb5 axb5 27. Rcf1 bxc4 28. bxc4 Rbc8 29. fxg6 fxg6 30. c5 dxc5 31. Qa6 Bg7 32. Qe6+ Kh8 33. Rf7 Qc3 34. Rxg7 Qxg7 35. Bf4 Qd4+ 36. Kh1 Rf8 37. Be5+ Qxe5 38. Qxe5+ Kg8 39. Qe6+ Kg7 40. Qxe7+ Kg8 41. Rxf8+ Rxf8 42. h3 c4 43. d6 c3 44. d7 c2 45. Qxf8+ Kxf8 46. d8=Q+ 1-0


[Site "https://www.chess.com"]

[Event "Titled Tuesday Blitz March 08 Early 2022"]
[White "Samunenkov, Ihor"]
[Black "Batsiashvili, Nino"]
[WhiteFideId "14187086"]
[BlackFideId "13602993"]
[WhiteElo "2409"]
[BlackElo "2192"]
[Result "1-0"]
[Round "11"]
[TimeControl "180+1"]
[Date "2022.03.08"]
[WhiteClock "0:00:06"]
[BlackClock "0:00:04"]

1. d4 Nf6 2. c4 e6 3. Nc3 Bb4 4. e3 O-O 5. Bd2 d5 6. Nf3 b6 7. cxd5 exd5 8. Rc1 Re8 9. Ne5 Bd6 10. Nb5 Ne4 11. Nxd6 cxd6 12. Nf3 Bg4 13. Be2 Nd7 14. O-O Ndf6 15. Bb4 a5 16. Ba3 Re6 17. Ng5 Nxg5 18. Bxg4 Nxg4 19. Qxg4 Qf6 20. Rc6 b5 21. Bxd6 Qg6 22. Rfc1 Rd8 23. h4 Rexd6 24. Qxg5 Qe6 25. Rxd6 Qxd6 26. Rc6 Qd7 27. Rc5 h6 28. Qe5 b4 29. Rc7 Qg4 30. h5 1-0


[Site "https://www.chess.com"]

[Event "Titled Tuesday Blitz March 08 Early 2022"]
[White "Sanal, Vahap"]
[Black "Papasimakopoulos, Alexandros"]
[WhiteFideId "6300545"]
[BlackFideId "4244125"]
[WhiteElo "2603"]
[BlackElo "2340"]
[Result "1-0"]
[Round "11"]
[TimeControl "180+1"]
[Date "2022.03.08"]
[WhiteClock "0:00:20"]
[BlackClock "0:00:26"]

1. e4 e6 2. d4 d5 3. Nd2 Be7 4. Ngf3 Nf6 5. e5 Nfd7 6. Bd3 c5 7. c3 Nc6 8. O-O a5 9. a4 cxd4 10. cxd4 Nb4 11. Be2 b6 12. Nb1 Ba6 13. Nc3 Bxe2 14. Qxe2 O-O 15. Bf4 Nb8 16. Nb5 Qd7 17. Rfc1 N8c6 18. h4 Rfc8 19. h5 h6 20. Rc3 Na7 21. Rac1 Nxb5 22. axb5 Na2 23. Rxc8+ Rxc8 24. Rxc8+ Qxc8 25. g4 Nb4 26. Kg2 Qc2 27. Qxc2 Nxc2 28. Kf1 a4 29. Bc1 a3 30. bxa3 Bxa3 31. Ne1 Bxc1 32. Nxc2 Kf8 33. Kg2 Ke7 34. Kg3 Bb2 35. f4 f6 36. Kf3 Kf7 37. Ke3 Bc1+ 38. Kf3 Bb2 39. Kg3 g5 40. fxg5 hxg5 41. exf6 Kxf6 42. Kf3 e5 43. Ke3 Bc1+ 44. Ke2 Bb2 45. Nb4 Ke6 46. Nc6 e4 47. Kd2 Ba1 48. Kc2 Kf7 49. Kd1 Ke6 50. Ke2 Bb2 51. Kd2 Ba1 52. Ke3 Bb2 53. Nd8+ Ke7 54. h6 Bc1+ 55. Ke2 Bb2 56. h7 Bxd4 57. Nc6+ Kf7 58. Nxd4 Kg7 59. Ke3 Kxh7 60. Nf5 Kg6 61. Kd4 e3 62. Nxe3 Kf6 63. Nxd5+ Ke6 64. Nxb6 Kd6 65. Nc4+ Ke6 66. Nd2 Kd7 67. Ne4 Kc7 68. Nxg5 Kb6 69. Ne4 Kxb5 70. g5 Kc6 71. g6 Kd7 72. g7 Ke6 73. g8=Q+ Ke7 74. Qg7+ Ke6 75. Qg6+ Kd7 76. Kd5 Ke7 77. Qg7+ Kd8 78. Kd6 Ke8 79. Qe7# 1-0


[Site "https://www.chess.com"]

[Event "Titled Tuesday Blitz March 08 Early 2022"]
[White "Sanchez Alvares, Kelvin Antonio"]
[Black "Gaehwiler, Gabriel"]
[WhiteFideId "3906680"]
[BlackFideId "1314530"]
[WhiteElo "2193"]
[BlackElo "2383"]
[Result "0-1"]
[Round "11"]
[TimeControl "180+1"]
[Date "2022.03.08"]
[WhiteClock "0:01:09"]
[BlackClock "0:01:22"]

1. e4 c5 2. Nf3 d6 3. d4 cxd4 4. Nxd4 Nf6 5. f3 Nc6 6. Nc3 g6 7. Be3 Bd7 8. Bc4 Bg7 9. Bb3 Rc8 10. h4 h5 11. Qd2 a6 12. O-O-O Ne5 13. Kb1 b5 14. Nde2 Nc4 15. Bxc4 Rxc4 16. Nf4 Qc8 17. Ncd5 Rc6 18. Nxf6+ Bxf6 19. Nd5 Bg7 20. Bd4 f6 21. Be3 Be6 22. Nf4 Bf7 23. Nd5 Be6 24. Nf4 Kf7 25. g4 hxg4 26. h5 g5 27. Ng6 gxf3 28. Nxh8+ Bxh8 29. Rdf1 g4 30. h6 Qg8 31. Qh2 Qg6 32. Qf4 Rc4 33. Bc1 Qxe4 34. Qxe4 Rxe4 35. Bd2 Re2 36. Kc1 Bd5 37. Rhg1 f5 38. b3 Be4 39. Kd1 Rh2 40. Rh1 Rxh1 41. Rxh1 f2 42. Rf1 g3 0-1


[Site "https://www.chess.com"]

[Event "Titled Tuesday Blitz March 08 Early 2022"]
[White "Shubenkova, Veronika"]
[Black "Komiagina, Maria"]
[WhiteFideId "44124040"]
[BlackFideId "4153987"]
[WhiteElo "1938"]
[BlackElo "1945"]
[Result "1-0"]
[Round "11"]
[TimeControl "180+1"]
[Date "2022.03.09"]
[WhiteClock "0:00:18"]
[BlackClock "0:00:07"]

1. d4 Nf6 2. e3 g6 3. Nf3 Bg7 4. Be2 d6 5. O-O O-O 6. b3 Nbd7 7. Bb2 e5 8. c4 c6 9. dxe5 Ng4 10. Qxd6 Re8 11. Rd1 Qb6 12. Bd4 Qa5 13. Bc3 Qb6 14. Nbd2 Ngxe5 15. Nxe5 Nxe5 16. c5 Qd8 17. Ne4 Qh4 18. Ng3 Bg4 19. Bxe5 Bxe5 20. Qd2 Bxa1 21. Rxa1 Bxe2 22. Qxe2 Rad8 23. Rc1 Rd5 24. a3 Red8 25. b4 Qe7 26. Qf3 f5 27. h3 Rd2 28. e4 R2d3 29. Qf4 fxe4 30. Nxe4 Rf8 31. Qg4 Rd4 32. f3 Qe5 33. Re1 Rd3 34. a4 Qd4+ 35. Kh2 Kg7 36. Qe6 Rf7 37. Nd6 Qf4+ 38. Kh1 Rf6 39. Ne8+ 1-0


[Site "https://www.chess.com"]

[Event "Titled Tuesday Blitz March 08 Early 2022"]
[White "Shukhman, Anna"]
[Black "Chernomordik, Pavel"]
[WhiteFideId "54180058"]
[BlackFideId "2804530"]
[WhiteElo "1665"]
[BlackElo "2249"]
[Result "1/2-1/2"]
[Round "11"]
[TimeControl "180+1"]
[Date "2022.03.09"]
[WhiteClock "0:00:15"]
[BlackClock "0:00:18"]

1. e4 g6 2. d4 Bg7 3. Nc3 d6 4. Nf3 a6 5. Be2 b5 6. a3 Bb7 7. O-O Nd7 8. Re1 c5 9. dxc5 Nxc5 10. Be3 Nxe4 11. Nxb5 axb5 12. Bxb5+ Kf8 13. Nd4 Qc7 14. a4 Ngf6 15. f3 Nc5 16. b4 Na6 17. Bxa6 Bxa6 18. a5 Nd5 19. b5 Bc8 20. b6 Qc3 21. Bf2 Rxa5 22. Rxa5 Qxa5 23. Nc6 Qb5 24. Na7 Qd7 25. Qxd5 Bb7 26. Qc4 Bf6 27. Bd4 e5 28. Bb2 Kg7 29. f4 Qg4 30. Qe2 Qxf4 31. Rf1 Qg5 32. Bc1 Qh5 33. Qf2 Qf5 34. Qd2 Qe4 35. Qf2 Qf5 36. Qd2 Qg4 37. Qf2 Qf5 1/2-1/2


[Site "https://www.chess.com"]

[Event "Titled Tuesday Blitz March 08 Early 2022"]
[White "Silva, Miguel Antonio Neto"]
[Black "Seo, Jung Min"]
[WhiteFideId "1911929"]
[BlackFideId "1734687"]
[WhiteElo "2204"]
[BlackElo "2401"]
[Result "1-0"]
[Round "11"]
[TimeControl "180+1"]
[Date "2022.03.08"]
[WhiteClock "0:00:17"]
[BlackClock "0:00:01"]

1. e4 c6 2. d4 d5 3. e5 Bf5 4. h4 h6 5. g4 Bh7 6. f4 e6 7. Nc3 c5 8. Nf3 Nc6 9. Be3 cxd4 10. Nxd4 Nge7 11. Bd3 Bxd3 12. Qxd3 h5 13. Ncb5 Nc8 14. O-O-O a6 15. Nc3 hxg4 16. f5 Nxd4 17. Qxd4 Ne7 18. fxe6 fxe6 19. Rhf1 Nf5 20. Qxg4 Qd7 21. Bg5 g6 22. Ne4 Kf7 23. Nf6 Qc6 24. h5 gxh5 25. Nxh5 Be7 26. Rxf5+ exf5 27. Qxf5+ Ke8 28. Bxe7 Kxe7 29. Qg5+ Kd7 30. Qg7+ Ke6 31. Nf4+ Kf5 32. Qf7+ Ke4 33. Ng6 Rh2 34. Qf4# 1-0


[Site "https://www.chess.com"]

[Event "Titled Tuesday Blitz March 08 Early 2022"]
[White "Sinitsina, Anastassia"]
[Black "Kohler, Aran"]
[WhiteFideId "4504640"]
[BlackFideId "1002856"]
[WhiteElo "2144"]
[BlackElo "2289"]
[Result "1-0"]
[Round "11"]
[TimeControl "180+1"]
[Date "2022.03.09"]
[WhiteClock "0:00:40"]
[BlackClock "0:00:03"]

1. Nf3 c6 2. g3 d5 3. Bg2 Bg4 4. O-O Qc8 5. c4 Bh3 6. cxd5 Bxg2 7. Kxg2 cxd5 8. Qa4+ Nc6 9. Nc3 e6 10. Ne5 Bd6 11. Nxc6 bxc6 12. Qg4 Kf8 13. d4 e5 14. Qxc8+ Rxc8 15. Rd1 exd4 16. Rxd4 Ne7 17. Bf4 Bxf4 18. Rxf4 g5 19. Ra4 Rc7 20. Rc1 Rb7 21. b3 Kg7 22. e3 h5 23. Ne2 Rc8 24. Rc5 Kf6 25. Nd4 Ke5 26. Ra6 Kd6 27. Rc2 Rcc7 28. Nf3 f6 29. h4 g4 30. Nd4 Rb6 31. Ra5 a6 32. Ne2 Nf5 33. Nf4 Rh7 34. Rac5 Kd7 35. Nxd5 cxd5 36. Rc7+ Ke6 37. Rxh7 d4 38. exd4 Nxd4 39. Rc1 Nf3 40. Rxh5 Rd6 41. Rhc5 f5 42. Rc6 1-0


[Site "https://www.chess.com"]